cohdb
Replays
Latest Replays
All Replays
Popular Replays
Top Player Replays
Match Explorer
How It Works
Community
CoH3 Stats
Reddit
Sign in to upload your games and track your stats! →
Sign in with Steam
Match 42984000
Unlisted
Match 42984000
Overview
Messages
Build Orders
End
Construct Infanterie Kompanie
MG 42 Machine Gun Team
Selects Mechanized Battlegroup
Grenadier Squad
GrW 34 Mortar Team
Grenadier Squad
Construct Luftwaffe Kompanie
Jäger Squad
Flak 30 Anti-aircraft Gun Team
Selects Raid Package
Selects StuG Assault Group
Daddy
tails is wonderful
CHINOOOK
MyPubicIsCubic
tubagznyven
Marteen Sultans presidente
Bengek323
Ozrealix
0
0
Comments
sign in to comment!
No comments posted yet!